 Dungeon Crawl Stone Soup version 0.24.1 (webtiles) character file.

Game seed: 17195457992684964028, levelgen mode: deterministic

51 Destapler the Sneak (level 3, 0/27 HPs)
             Began as a Merfolk Wanderer on Mar 30, 2020.
             Slain by a giant cockroach (1 damage)
             ... on level 2 of the Dungeon.
             The game lasted 00:06:10 (1227 turns).

Destapler the Sneak (Merfolk Wanderer)              Turns: 1227, Time: 00:06:10

Health: 0/27       AC:  2    Str: 12    XL:     3   Next: 81%
Magic:  1/7        EV: 12    Int:  9    God:
Gold:   77         SH:  0    Dex: 16    Spells: 4/7 levels left

rFire    . . .     SeeInvis .   a - +0 short sword
rCold    + . .     Gourm    .   (no shield)
rNeg     . . .     Faith    .   d - +0 robe
rPois    .         Spirit   .   (no helmet)
rElec    .         Reflect  .   (no cloak)
rCorr    .         Harm     .   (no gloves)
MR       .....                  (no boots)
Stlth    ++........             (no amulet)
HPRegen  0.09/turn              g - ring of protection from cold
MPRegen  0.10/turn              (no ring)

@: very slightly contaminated
A: change form in water, swift swim, stealthy swim
a: no special abilities


You were on level 2 of the Dungeon.
You were not hungry.

You visited 1 branch of the dungeon, and saw 2 of its levels.

You collected 77 gold pieces.

Inventory:

Hand Weapons
 a - a +0 short sword (weapon)
 e - a +0 dagger
Missiles
 j - 56 stones
 k - 11 poisoned darts (quivered)
Armour
 d - a +0 robe (worn)
Jewellery
 g - a ring of protection from cold (left hand)
Scrolls
 b - a scroll of teleportation {unknown}
 h - a scroll of fear {unknown}
 n - a scroll of blinking {unknown}
 o - a scroll of identify {unknown}
 p - a scroll of amnesia {unknown}
 q - a scroll of immolation {unknown}
Potions
 c - a potion of curing
 i - 2 potions of berserk rage {unknown}
 m - a potion of magic {unknown}
 r - a potion of invisibility {unknown}
Comestibles
 f - a ration
 l - 3 chunks of flesh


   Skills:
 - Level 2.1 Fighting
 - Level 1.2 Short Blades
 - Level 1.3 Dodging
 - Level 3.2 Stealth
 + Level 2.8 Spellcasting
 + Level 1.5 Conjurations
 * Level 0.8 Translocations
   Level 1.1 Poison Magic


You had 4 spell levels left.
You knew the following spells:

 Your Spells              Type           Power        Failure   Level  Hunger
a - Magic Dart            Conj           #...         16%         1    ##.....
B - Blink                 Tloc           N/A          32%         2    ###....

Your spell library contained the following spells:

 Spells                   Type           Power        Failure   Level  Hunger
 Call Imp                 Summ           #.......     43%         2    ###....
 Slow                     Hex            #.......     43%         2    ###....
 Mephitic Cloud           Conj/Pois/Air  #.......     54%         3    ####...
 Conjure Flame            Conj/Fire      #.......     56%         3    ####...


Dungeon Overview and Level Annotations

Branches:
Dungeon (2/15)

Altars:


Message History

The jackal bites you.
* * * LOW HITPOINT WARNING * * *
You hit the jackal.
The jackal is severely wounded.
The jackal bites you.
* * * LOW HITPOINT WARNING * * *
The jackal bites you but does no damage.
Casting: Magic Dart (safe; 16% risk of failure)
Confirm with . or Enter, or press ? or * to list all spells.
Aiming: Magic Dart (safe; 16% risk of failure)
Press: ? - help, Shift-Dir - straight line, f - jackal
Aim: a jackal (severely wounded)
The magic dart hits the jackal.
You kill the jackal!
The giant cockroach bites you but does no damage.
You closely miss the giant cockroach. The giant cockroach barely misses you.
Unknown command.
You barely miss the giant cockroach. The giant cockroach closely misses you.
The giant cockroach bites you.
You die...

#...# ...+ .(.# ### #s.
.. #.# .###### #h#
......# #.#
..###.################.#
..# #...........@s.(†.(#
..# ####################
###


You could see a giant cockroach.

Vanquished Creatures
  An adder (D:2)
  A dart slug (D:1)
  A giant cockroach (D:2)
  5 hobgoblins
  8 jackals
  4 bats (D:1)
  2 frilled lizards (D:1)
  4 goblins (D:1)
  6 kobolds
  5 rats (D:1)
37 creatures vanquished.

Notes
Turn   | Place    | Note
-------+----------+-------------------------------------------
     0 | D:1      | Destapler the Merfolk Wanderer began the quest for the Orb.
     0 | D:1      | Destapler set off with the following items: a +0 short
                  | sword, a potion of curing, a +0 robe, a +0 dagger, a
                  | ration; and the following spell memorised: Magic Dart; and
                  | the following spells available to memorise: Blink, Call
                  | Imp, Slow, Mephitic Cloud, Conjure Flame
     0 | D:1      | Reached XP level 1. HP: 16/16 MP: 3/3
    48 | D:1      | Reached XP level 2. HP: 22/22 MP: 3/5
   127 | D:1      | Reached skill level 1 in Conjurations
   568 | D:1      | Reached XP level 3. HP: 18/27 MP: 3/6
   608 | D:1      | Learned a level 2 spell: Blink
  1221 | D:2      | HP: 1/27 [jackal (3)]
  1227 | D:2      | Slain by a giant cockroach

Levels and vault maps discovered:
D:1:      minmay_arrival_semitransparent, layout_basic,
          chequers_serial_rivers_large_a, serial_bayou_pond_b,
          minmay_statues_item
D:2:      layout_loops_ring, minmay_rat_gold_closets, uniq_sigmund

Skill      XL: |  1  2 |
---------------+-------+-----
Conjurations   | 1 |  1.5
Fighting       | |  2.1
Short Blades   | |  1.2
Dodging        | |  1.3
Stealth        | |  3.2
Spellcasting   | |  2.8
Translocations | |  0.8
Poison Magic   | |  1.1

Action                   || total
-------------------------++-------
Melee: Short sword       ||   105
       Tailslap          ||     3
Throw: Dart              ||     2
 Cast: Magic Dart        ||    43
 Stab: Sleeping          ||     3
  Eat: Chunk             ||     2
Armor: Robe              ||    15
Dodge: Dodged            ||    77
